 Dungeon Crawl Stone Soup version 0.16-a0-3544-gf6bfca6 (webtiles) character file.

156 Gronka the Skirmisher (level 5, 0/47 HPs)
             Began as a Hill Orc Fighter on Jan 9, 2015.
             Slain by an orc wizard
             ... wielding a +0 dagger
              (1 damage)
             ... on level 3 of the Dungeon.
             The game lasted 00:04:01 (1697 turns).

Gronka the Skirmisher (Hill Orc Fighter)            Turns: 1697, Time: 00:04:01

Health: 0/47       AC: 10    Str: 20    XL:     5   Next: 37%
Magic:  5/5        EV:  5    Int:  8    God:
Gold:   106        SH:  9    Dex: 10    Spells: 0 memorised, 4 levels left

rFire  . . .     SeeInvis .     a - +0 long sword
rCold  . . .     Clarity  .     n - +0 chain mail
rNeg   . . .     SustAb   .     c - +0 shield
rPois  .         Gourm    .     (no helmet)
rElec  .         Spirit   .     (no cloak)
rCorr  .         Warding  .     (no gloves)
rMut   .         Stasis   .     o - +0 pair of boots
MR     .....                    (no amulet)
Stlth  ..........               (no ring)
                                (no ring)

@: not resistant to hostile enchantments, extremely unstealthy
A: no striking features
a: no special abilities


You were on level 3 of the Dungeon.
You were not hungry.

You visited 1 branch of the dungeon, and saw 3 of its levels.

You collected 106 gold pieces.

Inventory:

Hand weapons
 a - a +0 long sword (weapon)
Armour
 b - a +0 scale mail
 c - a +0 shield (worn)
 n - a +0 chain mail (worn)
 o - a +0 pair of boots (worn)
Scrolls
 f - 2 scrolls of blinking {unknown}
 g - 4 scrolls of identify {unknown}
 j - a scroll of enchant weapon {unknown}
 r - a scroll of magic mapping {unknown}
Potions
 e - a potion of might
 h - a potion of heal wounds {unknown}
 i - 5 potions of curing {unknown}
 k - a potion of magic
 l - a potion of cancellation {unknown}
 m - a potion of flight {unknown}
 q - a potion of poison {unknown}
Comestibles
 p - a royal jelly


   Skills:
 + Level 4.4 Fighting
 + Level 3.3 Long Blades
 + Level 4.2 Armour
 + Level 1.0 Dodging
 + Level 4.2 Shields


You had 4 spell levels left.
You didn't know any spells.

Dungeon Overview and Level Annotations

Branches:
Dungeon (3/15)

Altars:
Sif Muna


Message History

Your chain mail prevents you from hitting the bat.
You block the bat's attack. Something hits you but does no damage.
Something hits you but does no damage. The orc hits you but does no damage.
You block the giant newt's attack.
You slash the bat!
You kill the bat!
Something hits you but does no damage. x2
The orc hits you but does no damage. The giant newt barely misses you.
Something hits you but does no damage.
You miss the giant newt.
The giant newt bites you but does no damage.
You block its attack. You block the orc's attack.
The giant newt bites you but does no damage.
You hear some strange, mumbled words.
The magic dart hits you!
* * * LOW HITPOINT WARNING * * *
Drink which item? (? for menu, Esc to quit)
It was a potion of magic.
Magic courses through your body. You block the orc's attack.
Something hits you.
You die...

.# .# ######### .#
#.......# .#
#####.......# .#
#...........######## .#
#...........#......$ .#
#...........#.......
.####.....#######{...?...
..........'.....@l.......
..........#####.)o.......
..........# #....#####
..........# ######
###########


You could see an orc and a giant newt.

Vanquished Creatures
  3 orc wizards (D:3)
  An adder (D:2)
  A gnoll (D:1)
  4 orcs (D:3)
  11 bats
  2 giant cockroaches (D:1)
  7 goblins
  9 hobgoblins
  2 jackals (D:1)
  5 quokkas
  3 giant newts (D:2)
  5 kobolds
  6 rats
59 creatures vanquished.

Notes
Turn   | Place    | Note
--------------------------------------------------------------
     0 | D:1      | Gronka, the Hill Orc Fighter, began the quest for the Orb.
     0 | D:1      | Reached XP level 1. HP: 19/19 MP: 1/1
    76 | D:1      | Reached XP level 2. HP: 16/27 MP: 2/2
   321 | D:1      | Reached XP level 3. HP: 29/33 MP: 3/3
   341 | D:1      | Reached skill level 4 in Fighting
   979 | D:2      | Reached XP level 4. HP: 33/41 MP: 4/4
  1136 | D:2      | Found a deep blue altar of Sif Muna.
  1677 | D:3      | Reached XP level 5. HP: 42/47 MP: 5/5
  1690 | D:3      | Reached skill level 1 in Dodging
  1696 | D:3      | HP: 1/47 [something/magic dart (6)]
  1697 | D:3      | Slain by an orc wizard

Action                   |  1- 3 |  4- 6 || total
-------------------------+-------+-------++-------
Melee: Long sword        |   174 |    84 ||   258
  Use: Potion            |       |     1 ||     1
  Eat: Meat ration       |     1 |       ||     1
